PAA
TACOMA FUR TRADERS @ ASHEVILLE HIGHLANDERS
08/20/2031
 
TOP OF THE 1ST
Tacoma Fur Traders batting - Pitching for Asheville Highlanders : LHP Mariano Núñez
Pitching: LHP Mariano Núñez
Batting: RHB Jeremy Geertsen 0-0: Ball
1-0: Called Strike
1-1: Foul Ball, location: 2F
1-2: Ball
2-2: Foul Ball, location: 2F
2-2: Ball
3-2: Base on Balls
Batting: RHB Michael Palledorous 0-0: Ball
1-0: Ball
Jeremy Geertsen is caught stealing 2nd base
2-0: Foul Ball, location: 2F
2-1: Ball
3-1: Base on Balls
Batting: RHB Amon-Ra St. Brown 0-0: Fly out, F2 (Popup, 23F)
Batting: RHB Mike Case 0-0: Called Strike
0-1: Foul Ball, location: 2F
0-2: Ball
1-2: SINGLE (Flyball, 7LS)
Michael Palledorous to second
Batting: RHB Bill Perkins 0-0: Ball
1-0: Ball
2-0: Ball
3-0: Called Strike
3-1: Base on Balls
Michael Palledorous to third
Mike Case to second
Batting: RHB Alan Patterson 0-0: Ball
1-0: Ball
2-0: Ball
3-0: Base on Balls
Michael Palledorous scores
Mike Case to third
Bill Perkins to second
Batting: RHB Sherman N'Dir 0-0: Called Strike
0-1: Ball
1-1: Called Strike
1-2: Fly out, F8 (Flyball, 8RXD)
Top of the 1st over - 1 run, 1 hit, 0 errors, 3 left on base; Tacoma 1 - Asheville 0
BOTTOM OF THE 1ST
Asheville Highlanders batting - Pitching for Tacoma Fur Traders : RHP Álex Hernández
Pitching: RHP Álex Hernández
Batting: RHB Harley Whitfield 0-0: Called Strike
0-1: Called Strike
0-2: Foul Ball, location: 2F
0-2: Ball
1-2: Fly out, F7 (Flyball, 7LM)
Batting: LHB Jean Tannen 0-0: Called Strike
0-1: Fly out, F9 (Flyball, 9LM)
Batting: LHB John Hansen 0-0: Ball
1-0: Ground out 4-3 (Groundball, 34D)
Bottom of the 1st over - 0 runs, 0 hits, 0 errors, 0 left on base; Tacoma 1 - Asheville 0
TOP OF THE 2ND
Tacoma Fur Traders batting - Pitching for Asheville Highlanders : LHP Mariano Núñez
Batting: RHB Gerardo Herváz 0-0: Called Strike
0-1: Ball
1-1: Ground out U3 (Groundball, 34S)
Batting: SHB Gilberto Chávez 0-0: Ball
1-0: Ball
2-0: Ball
3-0: Called Strike
3-1: Base on Balls
Batting: RHB Jeremy Geertsen 0-0: Called Strike
0-1: Fielders Choice at 2nd, 1-6 (Groundball, 13)
Batting: RHB Michael Palledorous 0-0: Called Strike
0-1: Foul Ball, location: 2F
0-2: Ball
1-2: Foul Ball, location: 2F
1-2: Ball
2-2: Ball
3-2: Foul Ball, location: 2F
3-2: SINGLE (Groundball, 6MD)
Jeremy Geertsen to second
Jeremy Geertsen to third
Batting: RHB Amon-Ra St. Brown 0-0: Ball
1-0: Swinging Strike
1-1: Foul Ball, location: 2F
1-2: Foul Ball, location: 2F
1-2: Fly out, F7 (Flyball, 7S)
Top of the 2nd over - 0 runs, 1 hit, 0 errors, 2 left on base; Tacoma 1 - Asheville 0
BOTTOM OF THE 2ND
Asheville Highlanders batting - Pitching for Tacoma Fur Traders : RHP Álex Hernández
Batting: RHB Craig Tricket 0-0: Swinging Strike
0-1: Foul Ball, location: 2F
0-2: Strikes out looking
Batting: LHB Landon Harryman 0-0: Fly out, F9 (Flyball, 9S)
Batting: SHB Robert Hillier 0-0: Ball
1-0: Ball
2-0: Ball
3-0: Called Strike
3-1: Called Strike
3-2: Base on Balls
Batting: LHB Félix Calixto 0-0: Ball
1-0: Called Strike
1-1: Ball
2-1: Foul Ball, location: 2F
2-2: Ball
3-2: SINGLE (Flyball, 89S)
Robert Hillier to second
Robert Hillier to third
Batting: RHB Víctor Hernández 0-0: Fly out, F6 (Line Drive, 6)
Bottom of the 2nd over - 0 runs, 1 hit, 0 errors, 2 left on base; Tacoma 1 - Asheville 0
TOP OF THE 3RD
Tacoma Fur Traders batting - Pitching for Asheville Highlanders : LHP Mariano Núñez
Batting: RHB Mike Case 0-0: Fly out, F8 (Flyball, 89D)
Batting: RHB Bill Perkins 0-0: Called Strike
0-1: Called Strike
0-2: Ground out 6-3 (Groundball, 6)
Batting: RHB Alan Patterson 0-0: Fly out, F7 (Line Drive, 7D)
Top of the 3rd over - 0 runs, 0 hits, 0 errors, 0 left on base; Tacoma 1 - Asheville 0
BOTTOM OF THE 3RD
Asheville Highlanders batting - Pitching for Tacoma Fur Traders : RHP Álex Hernández
Batting: RHB Michael Walters 0-0: Swinging Strike
0-1: Fly out, F8 (Flyball, 8RS)
Batting: RHB Harley Whitfield 0-0: Fly out, F7 (Flyball, 78M)
Batting: LHB Jean Tannen 0-0: Fly out, F6 (Line Drive, 6)
Bottom of the 3rd over - 0 runs, 0 hits, 0 errors, 0 left on base; Tacoma 1 - Asheville 0
TOP OF THE 4TH
Tacoma Fur Traders batting - Pitching for Asheville Highlanders : LHP Mariano Núñez
Batting: RHB Sherman N'Dir 0-0: Called Strike
0-1: Ball
1-1: Ground out U3 (Groundball, 34)
Batting: RHB Gerardo Herváz 0-0: Ball
1-0: Ball
2-0: SINGLE (Line Drive, 7)
Batting: SHB Gilberto Chávez 0-0: Called Strike
Gerardo Herváz is caught stealing 2nd base
0-1: Ground out 6-3 (Groundball, 6)
Top of the 4th over - 0 runs, 1 hit, 0 errors, 0 left on base; Tacoma 1 - Asheville 0
BOTTOM OF THE 4TH
Asheville Highlanders batting - Pitching for Tacoma Fur Traders : RHP Álex Hernández
Batting: LHB John Hansen 0-0: Called Strike
0-1: Ball
1-1: Called Strike
1-2: Strikes out swinging
Batting: RHB Craig Tricket 0-0: Ball
1-0: Ball
2-0: Ball
3-0: Base on Balls
Batting: LHB Landon Harryman 0-0: Ball
1-0: Called Strike
1-1: Ball
2-1: Ball
3-1: Foul Ball, location: 2F
3-2: Foul Ball, location: 2F
3-2: Base on Balls
Craig Tricket to second
Batting: SHB Robert Hillier 0-0: Swinging Strike
0-1: SINGLE (Groundball, 56D)
Craig Tricket to third
Landon Harryman to second
Runner from 3rd tries for Home, SAFE, no throw
Batting: LHB Félix Calixto 0-0: Called Strike
0-1: Called Strike
0-2: Fielders Choice at 2nd, 4-6 (Groundball, 4)
Landon Harryman to third
Batting: RHB Víctor Hernández 0-0: Ball
1-0: Foul Ball, location: 2F
1-1: Ball
2-1: Foul Ball, location: 2F
2-2: SINGLE (Line Drive, 6D)
Landon Harryman scores
Félix Calixto to second
Batting: RHB Michael Walters 0-0: Foul Ball, location: 2F
0-1: Foul Ball, location: 2F
0-2: Foul Ball, location: 2F
0-2: Ball
1-2: Ball
2-2: Foul Ball, location: 2F
2-2: Ball
3-2: Base on Balls
Félix Calixto to third
Víctor Hernández to second
Pitching: RHP Wendell Clingan
Batting: RHB Harley Whitfield 0-0: Foul Ball, location: 2F
0-1: Foul Ball, location: 2F
0-2: SINGLE (Flyball, 6MD)
Félix Calixto scores
Víctor Hernández to third
Michael Walters to second
Runner from 3rd tries for Home, SAFE, no throw
Batting: LHB Jean Tannen 0-0: Ball
1-0: Ground out U3 (Groundball, 3S)
Bottom of the 4th over - 4 runs, 3 hits, 0 errors, 2 left on base; Tacoma 1 - Asheville 4
TOP OF THE 5TH
Tacoma Fur Traders batting - Pitching for Asheville Highlanders : LHP Mariano Núñez
Batting: RHB Jeremy Geertsen 0-0: Called Strike
0-1: Fly out, F8 (Line Drive, 8LD)
Batting: RHB Michael Palledorous 0-0: Foul Ball, location: 2F
0-1: Ball
1-1: Swinging Strike
1-2: Ball
2-2: Fly out, F7 (Flyball, 7D)
Batting: RHB Amon-Ra St. Brown 0-0: Called Strike
0-1: Foul Ball, location: 2F
0-2: Strikes out swinging
Top of the 5th over - 0 runs, 0 hits, 0 errors, 0 left on base; Tacoma 1 - Asheville 4
BOTTOM OF THE 5TH
Asheville Highlanders batting - Pitching for Tacoma Fur Traders : RHP Wendell Clingan
Batting: LHB John Hansen 0-0: Ball
1-0: Called Strike
1-1: Ball
2-1: Ball
3-1: Foul Ball, location: 2F
3-2: Base on Balls
Batting: RHB Craig Tricket 0-0: Swinging Strike
Passed Ball!
John Hansen to second
0-1: Foul Ball, location: 2F
0-2: Strikes out looking
Batting: LHB Landon Harryman 0-0: Ball
1-0: Swinging Strike
1-1: Fly out, F8 (Flyball, 8LM)
Batting: SHB Robert Hillier 0-0: Foul Ball, location: 2F
0-1: Fly out, F8 (Flyball, 8RS)
Bottom of the 5th over - 0 runs, 0 hits, 0 errors, 1 left on base; Tacoma 1 - Asheville 4
TOP OF THE 6TH
Tacoma Fur Traders batting - Pitching for Asheville Highlanders : LHP Mariano Núñez
Batting: RHB Mike Case 0-0: Ball
1-0: Foul Ball, location: 2F
1-1: Ball
2-1: Foul Ball, location: 2F
2-2: Strikes out swinging
Batting: RHB Bill Perkins 0-0: Ball
1-0: Swinging Strike
1-1: Ball
2-1: Ball
3-1: Foul Ball, location: 2F
3-2: Base on Balls
Pitching: RHP Eric Foster
Batting: RHB Alan Patterson 0-0: Ground out 5-3 (Groundball, 56S)
Bill Perkins to second
Batting: RHB Sherman N'Dir 0-0: Ball
1-0: Fly out, F8 (Flyball, 89D)
Top of the 6th over - 0 runs, 0 hits, 0 errors, 1 left on base; Tacoma 1 - Asheville 4
BOTTOM OF THE 6TH
Asheville Highlanders batting - Pitching for Tacoma Fur Traders : RHP Wendell Clingan
Batting: LHB Félix Calixto 0-0: Fly out, F8 (Flyball, 78M)
Batting: RHB Víctor Hernández 0-0: Ball
1-0: Called Strike
1-1: SOLO HOME RUN (Flyball, 78XD), Distance : 428 ft
Batting: RHB Michael Walters 0-0: Called Strike
0-1: Ball
1-1: Foul Ball, location: 2F
1-2: Strikes out looking
Pitching: RHP Jeff Pearce
Batting: RHB Harley Whitfield 0-0: Ball
1-0: DOUBLE (Flyball, 78D)
Batting: LHB Jean Tannen 0-0: Called Strike
0-1: Ball
1-1: Ball
2-1: Called Strike
2-2: Strikes out swinging
Bottom of the 6th over - 1 run, 2 hits, 0 errors, 1 left on base; Tacoma 1 - Asheville 5
TOP OF THE 7TH
Tacoma Fur Traders batting - Pitching for Asheville Highlanders : RHP Eric Foster
Batting: RHB Gerardo Herváz 0-0: Ball
1-0: Foul Ball, location: 2F
1-1: Foul Ball, location: 2F
1-2: Ball
2-2: Foul Ball, location: 2F
2-2: Strikes out swinging
Batting: SHB Gilberto Chávez 0-0: SINGLE (Flyball, 78S)
Batting: RHB Jeremy Geertsen 0-0: Ball
1-0: Grounds into double play, 6-4-3 (Groundball, 6)
Top of the 7th over - 0 runs, 1 hit, 0 errors, 0 left on base; Tacoma 1 - Asheville 5
BOTTOM OF THE 7TH
Asheville Highlanders batting - Pitching for Tacoma Fur Traders : RHP Jeff Pearce
Batting: LHB John Hansen 0-0: Ground out 4-3 (Groundball, 4)
Batting: RHB Craig Tricket 0-0: Ball
1-0: Foul Ball, location: 2F
1-1: Swinging Strike
1-2: Ball
2-2: Strikes out swinging
Batting: LHB Landon Harryman 0-0: Ball
1-0: Ball
2-0: SINGLE (Flyball, 9S)
Batting: SHB Robert Hillier 0-0: Ground out 6-3 (Groundball, 6MD)
Bottom of the 7th over - 0 runs, 1 hit, 0 errors, 1 left on base; Tacoma 1 - Asheville 5
TOP OF THE 8TH
Tacoma Fur Traders batting - Pitching for Asheville Highlanders : RHP Eric Foster
Batting: RHB Michael Palledorous 0-0: Called Strike
0-1: Foul Ball, location: 2F
0-2: Foul Ball, location: 2F
0-2: Strikes out swinging
Batting: RHB Amon-Ra St. Brown 0-0: Ball
1-0: Foul Ball, location: 2F
1-1: Called Strike
1-2: Ball
2-2: DOUBLE (Line Drive, 7LM)
Batting: RHB Mike Case 0-0: Called Strike
0-1: Foul Ball, location: 2F
0-2: Strikes out swinging
Batting: RHB Bill Perkins 0-0: Ball
1-0: Ball
Passed Ball!
Amon-Ra St. Brown to third
2-0: Swinging Strike
2-1: Ball
3-1: Swinging Strike
3-2: Strikes out swinging
Top of the 8th over - 0 runs, 1 hit, 0 errors, 1 left on base; Tacoma 1 - Asheville 5
BOTTOM OF THE 8TH
Asheville Highlanders batting - Pitching for Tacoma Fur Traders : RHP Jeff Pearce
Batting: LHB Félix Calixto 0-0: Foul Ball, location: 2F
0-1: Foul Ball, location: 2F
0-2: Hit by Pitch
Batting: RHB Víctor Hernández 0-0: Sac Bunt - play at first, batter OUT! 1-3
Félix Calixto to second
Batting: RHB Michael Walters 0-0: Swinging Strike
0-1: Ball
1-1: Ball
2-1: Ball
3-1: Fly out, F8 (Flyball, 8RD)
Batting: RHB Harley Whitfield 0-0: Called Strike
0-1: Ball
1-1: Swinging Strike
1-2: Ball
2-2: Ground out 6-3 (Groundball, 6)
Bottom of the 8th over - 0 runs, 0 hits, 0 errors, 1 left on base; Tacoma 1 - Asheville 5
TOP OF THE 9TH
Tacoma Fur Traders batting - Pitching for Asheville Highlanders : RHP Eric Foster
Batting: RHB Alan Patterson 0-0: Called Strike
0-1: Ball
1-1: Foul Ball, location: 2F
1-2: Strikes out swinging
Batting: RHB Sherman N'Dir 0-0: Ball
1-0: SINGLE (Line Drive, 89S)
Batting: RHB Gerardo Herváz 0-0: Fielders Choice at 2nd, 4-6 (Groundball, 34)
Batting: SHB Gilberto Chávez 0-0: Ball
1-0: Ground out 4-3 (Groundball, 34)
Top of the 9th over - 0 runs, 1 hit, 0 errors, 1 left on base; Tacoma 1 - Asheville 5
Tuesday, June 12th, 2018 - OOTP Baseball 18.8 Build 76